 Dungeon Crawl Stone Soup version 0.26-a0-682-g294304f6e8 (webtiles) character file.

Game seed: 16075547358743785380

7 Gargoyl the Skirmisher (level 2, 0/23 HPs)
             Began as a Gnoll Abyssal Knight on Oct 20, 2020.
             Was a Follower of Lugonu.
             Slain by a thrashing horror (2 damage)
             ... on level 2 of the Abyss.
             The game lasted 00:00:22 (150 turns).

Gargoyl the Skirmisher (Gnoll Abyssal Knight)        Turns: 150, Time: 00:00:23

Health: 0/23       AC:  2    Str: 14    XL:     2   Next: 0%
Magic:  5/5        EV: 12    Int: 14    God:    Lugonu [*.....]
Gold:   69         SH:  0    Dex: 10    Spells: 1/1 levels left

rFire    . . .     SeeInvis .   a - +1 hand axe
rCold    . . .     Faith    .   (no shield)
rNeg     . . .     Spirit   .   b - +0 leather armour
rPois    .         Reflect  .   (no helmet)
rElec    .         Harm     .   (no cloak)
rCorr    .         Rampage  .   (no gloves)
MR       .....                  (no boots)
Stlth    +.........             (no amulet)
HPRegen  0.07/turn              (no ring)
MPRegen  0.09/turn              (no ring)

@: no status effects
A: distributed training, fangs 1, [clumsy 2], [deformed body], [frail 2], strong
nose
a: Depart the Abyss, Renounce Religion


You were on level 2 of the Abyss.
You worshipped Lugonu.
Lugonu was aware of your devotion.
You visited 0 branches of the dungeon, and saw 0 of its levels.
You visited the Abyss 1 time.

You collected 69 gold pieces.

Inventory:

Hand Weapons
 a - a +1 hand axe (weapon)
Armour
 b - a +0 leather armour (worn)
Scrolls
 d - a scroll of identify


   Skills:
 + Level 6.4 Fighting
 + Level 0.2 Short Blades
 + Level 0.2 Long Blades
 + Level 4.4 Axes
 + Level 0.2 Maces & Flails
 + Level 0.2 Polearms
 + Level 0.2 Staves
 + Level 0.2 Slings
 + Level 0.2 Bows
 + Level 0.2 Crossbows
 + Level 0.2 Throwing
 + Level 4.4 Armour
 + Level 2.4 Dodging
 + Level 0.2 Stealth
 + Level 0.2 Shields
 + Level 0.2 Unarmed Combat
 + Level 0.2 Spellcasting
 + Level 0.1 Conjurations
 + Level 0.1 Hexes
 + Level 0.1 Summonings
 + Level 0.1 Necromancy
 + Level 0.1 Translocations
 + Level 0.1 Transmutations
 + Level 0.1 Fire Magic
 + Level 0.1 Ice Magic
 + Level 0.1 Air Magic
 + Level 0.1 Earth Magic
 + Level 0.1 Poison Magic
 + Level 4.4 Invocations
 + Level 0.2 Evocations


You had one spell level left.
You didn't know any spells.
Your spell library was empty.

Dungeon Overview and Level Annotations

Branches:
Dungeon (0/15)

Altars:


Innate Abilities, Weirdness & Mutations

Your experience applies equally to all skills.
You have very sharp teeth.
Your uncanny sense of smell can sniff out nearby items.
[You are very clumsy. (Dex -4)]
[Armour fits poorly on your strangely shaped body.]
[You are very frail. (-20% HP)]


Message History

A wretched star comes into view.
The wretched star pulses with an eldritch light!
You feel frail. x2
The wretched star glows turbulently.
The lance of force misses you.
The wretched star pulses with an eldritch light!
Your body twists and deforms.
You see here a hand axe.
The wretched star pulses with an eldritch light!
You feel clumsy. x2
A thrashing horror comes into view.
The thrashing horror roars!
You hear a roar!
A thrashing horror comes into view.
The thrashing horror tramples you!
* * * LOW HITPOINT WARNING * * *
You stumble backwards!
Unknown command.
A thrashing horror comes into view.
The thrashing horror tramples you.
You die...

####..# .#.#..
#...#.#.# ##.. .#
#... .)..#. .#.. .
#######.#.# # ..
..
..##....##*..#...
. #
#..#....#..#...# #
. #..#....#.#.#.#
###............#.#
.....X..X@..###..
#.#.##..#...# .
#######.# ∆ ##


You could see a wretched star and 2 thrashing horrors.

Vanquished Creatures
  A white imp (Abyss:2)
1 creature vanquished.

Notes
Turn   | Place    | Note
-------+----------+-------------------------------------------
     0 | Abyss:1  | Gargoyl the Gnoll Abyssal Knight began the quest for the
                  | Orb.
     0 | Abyss:1  | Reached XP level 1. HP: 23/23 MP: 3/3
    99 | Abyss:2  | Noticed a spatial maelstrom
   127 | Abyss:2  | Reached XP level 2. HP: 11/29 MP: 5/5
   136 | Abyss:2  | Noticed a wretched star
   147 | Abyss:2  | Noticed a thrashing horror
   149 | Abyss:2  | Noticed a thrashing horror
   150 | Abyss:2  | Noticed a thrashing horror
   150 | Abyss:2  | Slain by a thrashing horror

Illustrated notes

Levels and vault maps discovered:
Abyss:2:  abyss_greek_temple

Action                   || total
-------------------------++-------
Melee: Hand axe          ||     4
       Bite              ||     2
  Use: Scroll            ||     2
Dodge: Dodged            ||     1

Table legend: (Time is in decaauts)
 A = Elapsed time spent in this place.
 B = Non-inter-level travel time spent in this place.
 C = Inter-level travel time spent in this place.
 D = Time resting spent in this place.
 E = Time spent auto-exploring this place.
 F = Levels seen in this place.
 G = Mean time per level.
                   A        B        C        D        E       F      G
               +--------+--------+--------+--------+--------+-----+--------+
         Total |    150 |    150 |      0 |      0 |    115 |   2 |   75.0 |
         Abyss |    150 |    150 |      0 |      0 |    115 |   2 |   75.0 |
               +--------+--------+--------+--------+--------+-----+--------+

Top non-repeatable levels by time:
 Abyss:2: 133 daAuts
 Abyss:1: 17 daAuts
